 Dungeon Crawl Stone Soup version 0.22.1-6-g1668fe2 (webtiles) character file.

3663 havocjr2 the Nimble (level 10, -6/77 HPs)
             Began as a Gnoll Gladiator on Jan 26, 2019.
             Was a Follower of Sif Muna.
             Mangled by a tengu warrior
             ... wielding a +3 great sword
              (21 damage)
             ... on level 8 of the Dungeon.
             The game lasted 00:51:17 (7005 turns).

havocjr2 the Nimble (Gnoll Gladiator)               Turns: 7005, Time: 00:51:18

Health: -6/77      AC:  6    Str: 16    XL:     10   Next: 12%
Magic:  16/17      EV: 21    Int: 13    God:    Sif Muna [*.....]
Gold:   249        SH:  0    Dex: 27    Spells: 16/18 levels left

rFire    x . .     SeeInvis .   B - +7 falchion (slice)
rCold    . . .     Gourm    .   (no shield)
rNeg     . . .     Faith    .   X - +1 robe of the Wasteland {rF- Dex+9}
rPois    .         Spirit   .   q - +2 helmet
rElec    .         Reflect  .   R - scarf {cloud immunity}
rCorr    .         Harm     .   (no gloves)
MR       .....                  (no boots)
Stlth    ++++......             k - amulet of magic regeneration
HPRegen  0.22/turn              (no ring)
MPRegen  0.40/turn              (no ring)

@: no status effects
A: distributed training, fangs 1, strong nose
a: Divine Energy, Renounce Religion


You were on level 8 of the Dungeon.
You worshipped Sif Muna.
Sif Muna was aware of your devotion.
You were hungry.

You visited 2 branches of the dungeon, and saw 9 of its levels.

You collected 509 gold pieces.
You spent 260 gold pieces at shops.

Inventory:

Hand Weapons
 B - a +7 falchion of slicing (weapon)
 K - a +0 spear of freezing
 L - a +2 spear of piercing
 M - a +1 whip of flaming
 O - a +0 flail of crushing
 Q - a +0 great sword
Missiles
 d - 2 throwing nets
 g - 8 javelins (quivered)
 p - 8 tomahawks
 r - 7 tomahawks of dispersal
 F - 5 tomahawks of returning
 V - 32 arrows
Armour
 b - a +0 chain mail
 c - a +0 helmet
 q - a +2 helmet (worn)
 v - a +0 ring mail
 x - a +0 shield
 y - a +0 ring mail
 G - a +2 robe of fire resistance
 N - a +0 ring mail
 R - a scarf of cloud immunity (worn)
 X - the +1 robe of the Wasteland (worn) {rF- Dex+9}
   (You bought it in a shop on level 6 of the Dungeon)

   It affects your dexterity (+9).
   It makes you vulnerable to fire.
Jewellery
 k - an amulet of magic regeneration (around neck)
Wands
 A - a wand of disintegration (31)
 E - a wand of enslavement (10)
Scrolls
 e - 3 scrolls of teleportation
 h - 2 scrolls of fear
 j - 2 scrolls of remove curse
 l - 2 scrolls of blinking
 m - a scroll of holy word {unknown}
 s - 9 scrolls of identify
 D - a scroll of amnesia
 H - a scroll of magic mapping
 J - a scroll of immolation
Potions
 i - 3 potions of mutation
 n - 9 potions of curing
 o - a potion of agility {unknown}
 t - 5 potions of heal wounds {unknown}
 u - a potion of brilliance {unknown}
 w - 2 potions of might {unknown}
 z - 2 potions of cancellation {unknown}
 I - a potion of flight {unknown}
 P - 3 potions of lignification {unknown}
Comestibles
 a - 9 chunks of flesh
 f - 17 rations


   Skills:
 + Level 6.8 Fighting
 + Level 4.9 Short Blades
 + Level 8.2 Long Blades
 + Level 4.9 Axes
 + Level 4.9 Maces & Flails
 + Level 4.9 Polearms
 + Level 4.9 Staves
 + Level 4.9 Slings
 + Level 4.9 Bows
 + Level 4.9 Crossbows
 + Level 6.8 Throwing
 + Level 4.9 Armour
 + Level 8.2 Dodging
 + Level 4.9 Stealth
 + Level 4.9 Shields
 + Level 4.9 Unarmed Combat
 + Level 4.9 Spellcasting
 + Level 4.0 Conjurations
 + Level 4.0 Hexes
 + Level 4.0 Charms
 + Level 4.0 Summonings
 + Level 4.0 Necromancy
 + Level 4.0 Translocations
 + Level 4.0 Transmutations
 + Level 4.0 Fire Magic
 + Level 4.0 Ice Magic
 + Level 4.0 Air Magic
 + Level 4.0 Earth Magic
 + Level 4.0 Poison Magic
 + Level 5.3 Invocations
 + Level 4.9 Evocations


You had 16 spell levels left.
You knew the following spells:

 Your Spells              Type           Power        Failure   Level  Hunger
a - Call Imp              Summ           ##......     5%          2    ##.....

Your spell library contained the following spells:

 Spells                   Type           Power        Failure   Level  Hunger
 Animate Skeleton         Necr           N/A          3%          1    None
 Pain                     Necr           ##..         3%          1    None
 Summon Small Mammal      Summ           ##..         3%          1    None
 Call Canine Familiar     Summ           ##......     11%         3    ###....
 Regeneration             Chrm/Necr      ##........   11%         3    ###....
 Summon Guardian Golem    Hex/Summ       ##......     11%         3    ###....
 Vampiric Draining        Necr           ##........   11%         3    ###....
 Animate Dead             Necr           N/A          34%         4    ####...
 Summon Ice Beast         Ice/Summ       ##......     34%         4    ####...
 Summon Lightning Spire   Summ/Air       ##......     34%         4    ####...


Dungeon Overview and Level Annotations

Branches:
Dungeon (8/15)             Temple (1/1) D:6
   Lair: D:8-11

Altars:
Ashenzari
Cheibriados
Dithmenos
Elyvilon
Fedhas
Gozag
Hepliaklqana
Kikubaaqudgha
Makhleb
Nemelex Xobeh
Okawaru
Qazlal
Ru
Sif Muna
Trog
Uskayaw
Vehumet
Wu Jian
Xom
Yredelemnul
Zin
The Shining One

Shops:
D:6 [

Annotations:
D:8 1 runed door


Innate Abilities, Weirdness & Mutations

Your experience applies equally to all skills.
You have very sharp teeth.
Your uncanny sense of smell can sniff out nearby items.


Message History

The tengu warrior hits you with an enchanted great sword.
The tengu warrior pecks you.
The tengu warrior completely misses you.
You are feeling hungry.
Casting: Call Imp (safe; 5% risk of failure)
Confirm with . or Enter, or press ? or * to list all spells.
A beastly little devil appears in a puff of flame.
The tengu warrior hits you with an enchanted great sword!!
* * * LOW HITPOINT WARNING * * *
The tengu warrior pecks you.
* * * LOW HITPOINT WARNING * * *
The tengu warrior claws you but does no damage.
Your crimson imp closely misses the tengu warrior.
Your crimson imp blinks!
Your crimson imp blinks!
Your crimson imp disappears in a puff of smoke!
There is an open door, spattered with blood here.
You see here an iguana skeleton.
The tengu warrior hits you with an enchanted great sword!!
You die...

$.#.......# #(###.#.#..#..#.
%$#.......# #.........###.#.
∆∆#.......# #####.#.#..#....
###+##......## #.#.##...##.
+.(..##...§..## #5..........
.....8##.##5..#######.#.########
#......#..##÷..#......5.#
#......##..##.Q######.###
#8....5##.####@# #.######
#....(#...###.# #..5...#####
##+###5(...##.# #.###....... ∆
#.......#.# #..)........
∆∆#....5..#.######.###.#####
∆∆#.......#........# #.#
##.....########### #.# ##...##
#.# ### ##### #.#


You could see a tengu warrior and a friendly white imp.

Vanquished Creatures
  Maurice (D:8)
  Grinder (D:5)
  A hippogriff (D:8)
  A spriggan (D:7)
  A wyvern (D:8)
  A steam dragon (D:8)
  Duvessa (D:5)
  2 orc warriors
  2 ogres
  An ice beast (D:6)
  A sky beast (D:8)
  A black bear (D:8)
  A necrophage (D:6)
  2 centaurs
  Blork the orc (D:4)
  4 bullfrogs
  Dowan (D:5)
  2 scorpions
  2 wights (D:6)
  3 crimson imps (D:6)
  A bullfrog zombie (D:8)
  A bullfrog skeleton (D:6)
  4 hounds
  8 orc priests
  2 orc wizards
  An iguana (D:8)
  Ijyb (D:5)
  5 worker ants
  3 hound zombies
  4 gnolls (D:5)
  10 adders
  A shadow imp (D:5)
  2 oozes
  3 adder skeletons
  2 worms (D:4)
  7 leopard geckos
  21 orcs
  A ball python (D:5)
  5 giant cockroaches
  6 goblins
  3 hobgoblins
  A quokka (D:5)
  4 bats
  A frilled lizard (D:3)
  A jackal zombie (D:8)
  3 kobolds
  2 leopard gecko skeletons
  3 rats
136 creatures vanquished.

Vanquished Creatures (collateral kills)
  2 orc priests (D:8)
2 creatures vanquished.

Vanquished Creatures (others)
  An orc wizard (D:5)
1 creature vanquished.

Grand Total: 139 creatures vanquished

Notes
Turn   | Place    | Note
-------+----------+-------------------------------------------
     0 | D:1      | havocjr2 the Gnoll Gladiator began the quest for the Orb.
     0 | D:1      | Reached XP level 1. HP: 20/20 MP: 1/1
   330 | D:1      | Reached XP level 2. HP: 26/26 MP: 2/2
   647 | D:2      | Reached XP level 3. HP: 31/31 MP: 3/3
  1184 | D:2      | Reached skill level 1 in Invocations
  1205 | D:2      | Reached skill level 1 in Short Blades
  1205 | D:2      | Reached skill level 1 in Axes
  1205 | D:2      | Reached skill level 1 in Maces & Flails
  1205 | D:2      | Reached skill level 1 in Polearms
  1205 | D:2      | Reached skill level 1 in Staves
  1205 | D:2      | Reached skill level 1 in Slings
  1205 | D:2      | Reached skill level 1 in Bows
  1205 | D:2      | Reached skill level 1 in Crossbows
  1205 | D:2      | Reached skill level 1 in Armour
  1205 | D:2      | Reached skill level 1 in Stealth
  1205 | D:2      | Reached skill level 1 in Shields
  1205 | D:2      | Reached skill level 1 in Unarmed Combat
  1205 | D:2      | Reached skill level 1 in Spellcasting
  1205 | D:2      | Reached skill level 1 in Evocations
  1205 | D:2      | Reached XP level 4. HP: 38/38 MP: 5/5
  1583 | D:3      | Noticed a centaur
  1594 | D:3      | Killed a centaur
  1594 | D:3      | Reached skill level 1 in Conjurations
  1594 | D:3      | Reached skill level 1 in Hexes
  1594 | D:3      | Reached skill level 1 in Charms
  1594 | D:3      | Reached skill level 1 in Summonings
  1594 | D:3      | Reached skill level 1 in Necromancy
  1594 | D:3      | Reached skill level 1 in Translocations
  1594 | D:3      | Reached skill level 1 in Transmutations
  1594 | D:3      | Reached skill level 1 in Fire Magic
  1594 | D:3      | Reached skill level 1 in Ice Magic
  1594 | D:3      | Reached skill level 1 in Air Magic
  1594 | D:3      | Reached skill level 1 in Earth Magic
  1594 | D:3      | Reached skill level 1 in Poison Magic
  1594 | D:3      | Reached XP level 5. HP: 4/43 MP: 5/7
  1951 | D:3      | Found a faded altar of an unknown god.
  2047 | D:3      | Found a sparkling altar of Nemelex Xobeh.
  2406 | D:4      | Reached XP level 6. HP: 50/50 MP: 8/8
  2541 | D:4      | Noticed Blork the orc
  2567 | D:4      | Killed Blork the orc
  2567 | D:4      | Reached skill level 5 in Fighting
  2567 | D:4      | Reached skill level 5 in Throwing
  2779 | D:4      | Reached XP level 7. HP: 55/56 MP: 10/10
  3264 | D:5      | Entered Level 5 of the Dungeon
  3291 | D:5      | Noticed Grinder
  3301 | D:5      | Paralysed by Grinder for 4 turns
  3318 | D:5      | Killed Grinder
  3411 | D:5      | Reached XP level 8. HP: 63/63 MP: 12/12
  3541 | D:5      | Noticed Ijyb
  3636 | D:5      | Found an iron altar of Okawaru.
  3667 | D:5      | Killed Ijyb
  3985 | D:5      | Noticed Duvessa
  3985 | D:5      | Noticed Dowan
  4005 | D:5      | Killed Duvessa
  4007 | D:5      | Killed Dowan
  4351 | D:5      | Found a burning altar of Makhleb.
  4865 | D:6      | Found a blossoming altar of Fedhas.
  4913 | D:6      | Reached XP level 9. HP: 63/69 MP: 14/14
  5029 | D:6      | Found a deep blue altar of Sif Muna.
  5029 | D:6      | Found a shadowy altar of Dithmenos.
  5069 | D:6      | Became a worshipper of Sif Muna the Loreminder
  5103 | D:6      | Found a staircase to the Ecumenical Temple.
  5165 | Temple   | Entered the Ecumenical Temple
  5208 | D:6      | Found Musotada's Antique Armour Shoppe.
  5216 | D:6      | Bought a glowing scarf for 152 gold pieces
  5221 | D:6      | Bought a smoking robe for 108 gold pieces
  5231 | D:6      | Identified the +1 robe of the Wasteland {rF- Dex+9} (You
                  | bought it in a shop on level 6 of the Dungeon)
  5349 | D:6      | Identified a scroll of acquirement
  5886 | D:7      | Found a shattered altar of Ashenzari.
  6315 | D:8      | Found a runed door.
  6495 | D:8      | Noticed Maurice
  6513 | D:8      | Killed Maurice
  6632 | D:8      | Learned a level 2 spell: Call Imp
  6696 | D:8      | Reached skill level 5 in Invocations
  6698 | D:8      | Reached * piety under Sif Muna
  6825 | D:8      | Found a runed door.
  6876 | D:8      | Reached XP level 10. HP: 75/77 MP: 15/17
  6925 | D:8      | Noticed a tengu warrior
  7005 | D:8      | Mangled by a tengu warrior

Skill      XL: |  1  2  3  4  5  6  7  8  9 10 |
---------------+-------------------------------+-----
Invocations    | 1 2 3 4 5 |  5.3
Short Blades   | 1 2 3 4 |  4.9
Axes           | 1 2 3 4 |  4.9
Maces & Flails | 1 2 3 4 |  4.9
Polearms       | 1 2 3 4 |  4.9
Staves         | 1 2 3 4 |  4.9
Slings         | 1 2 3 4 |  4.9
Bows           | 1 2 3 4 |  4.9
Crossbows      | 1 2 3 4 |  4.9
Armour         | 1 2 3 4 |  4.9
Stealth        | 1 2 3 4 |  4.9
Shields        | 1 2 3 4 |  4.9
Unarmed Combat | 1 2 3 4 |  4.9
Spellcasting   | 1 2 3 4 |  4.9
Evocations     | 1 2 3 4 |  4.9
Conjurations   | 1 2 3 4 |  4.0
Hexes          | 1 2 3 4 |  4.0
Charms         | 1 2 3 4 |  4.0
Summonings     | 1 2 3 4 |  4.0
Necromancy     | 1 2 3 4 |  4.0
Translocations | 1 2 3 4 |  4.0
Transmutations | 1 2 3 4 |  4.0
Fire Magic     | 1 2 3 4 |  4.0
Ice Magic      | 1 2 3 4 |  4.0
Air Magic      | 1 2 3 4 |  4.0
Earth Magic    | 1 2 3 4 |  4.0
Poison Magic   | 1 2 3 4 |  4.0
Fighting       | 5 6 |  6.8
Throwing       | 5 6 |  6.8
Long Blades    | 7 8 |  8.2
Dodging        | 7 8 |  8.2

Action                   |  1- 3 |  4- 6 |  7- 9 | 10-12 || total
-------------------------+-------+-------+-------+-------++-------
Melee: Long sword        |    56 |    33 |       |       ||    89
       Bite              |     3 |    14 |    53 |     1 ||    71
       Falchion          |       |    58 |   232 |    13 ||   303
       Punch             |       |       |     7 |     1 ||     8
Throw: Tomahawk          |       |     5 |    16 |       ||    21
       Throwing net      |       |       |     2 |       ||     2
       Javelin           |       |       |    20 |     7 ||    27
 Cast: Call Imp          |       |       |    30 |    20 ||    50
Evoke: Wand              |       |       |     2 |       ||     2
  Use: Scroll            |     3 |     3 |    14 |       ||    20
 Stab: Sleeping          |       |     1 |    11 |       ||    12
  Eat: Chunk             |     1 |     5 |    14 |     1 ||    21
Armor: Leather armour    |     2 |       |       |       ||     2
       Ring mail         |    15 |       |       |       ||    15
       Chain mail        |       |    24 |       |       ||    24
       Robe              |       |       |    22 |     8 ||    30
Dodge: Dodged            |    40 |    52 |   161 |    24 ||   277
       Rpst.: Long sword |    16 |     7 |       |       ||    23
       Falchion          |       |     9 |    52 |     3 ||    64
